SL
NEW ORLEANS VOODOO @ SAN MATEO DIRTY REDS
08/27/2037
 
TOP OF THE 1ST
New Orleans Voodoo batting - Pitching for San Mateo Dirty Reds : RHP Michael Machen
Pitching: RHP Michael Machen
Batting: LHB Calvin Wilms 0-0: Called Strike
0-1: Foul Ball, location: 2F
0-2: Strikes out looking
Batting: RHB Gilberto Juárez 0-0: Ball
1-0: Called Strike
1-1: Foul Ball, location: 2F
1-2: Strikes out swinging
Batting: RHB Griffin Woodfinlevine 0-0: SINGLE (Line Drive, 78M, EV 106.9 MPH)
Batting: RHB Colm Goodwill 0-0: Ball
1-0: Fly out, F3 (Popup, 3SF, EV 75.0 MPH)
Top of the 1st over - 0 runs, 1 hit, 0 errors, 1 left on base; New Orleans 0 - San Mateo 0
BOTTOM OF THE 1ST
San Mateo Dirty Reds batting - Pitching for New Orleans Voodoo : RHP Gary Ashley
Pitching: RHP Gary Ashley
Batting: RHB Iván Vega 0-0: Swinging Strike
0-1: Foul Ball, location: 2F
0-2: Ball
1-2: Ball
2-2: Foul Ball, location: 2F
2-2: Strikes out swinging
Batting: RHB Kameron Guangorena 0-0: Foul Ball, location: 2F
0-1: Ball
1-1: Called Strike
1-2: DOUBLE (Flyball, 8RXD, EV 106.9 MPH)
Batting: RHB Hugh Mungus 0-0: Swinging Strike
0-1: SINGLE (Groundball, 56D, EV 97.5 MPH)
Kameron Guangorena to third
Batting: LHB Palaie Gaoteote 0-0: Ball
1-0: Foul Ball, location: 2F
1-1: Ball
2-1: Ball
3-1: SINGLE (Flyball, 78S, EV 85.6 MPH)
Kameron Guangorena scores
Hugh Mungus to second
Batting: SHB Dylan Carson 0-0: Swinging Strike
0-1: Foul Ball, location: 2F
0-2: Ball
1-2: Ball
2-2: Fielders Choice at 2nd, 1-6 (Groundball, 13, EV 65.0 MPH)
Hugh Mungus to third
Batting: RHB António Mendoza 0-0: Called Strike
0-1: Called Strike
0-2: Foul Ball, location: 2F
0-2: Ball
1-2: Ball
2-2: Foul Ball, location: 2F
2-2: Foul Ball, location: 2F
2-2: Fly out, F4 (Popup, 4, EV 63.8 MPH)
Bottom of the 1st over - 1 run, 3 hits, 0 errors, 2 left on base; New Orleans 0 - San Mateo 1
TOP OF THE 2ND
New Orleans Voodoo batting - Pitching for San Mateo Dirty Reds : RHP Michael Machen
Batting: RHB Guy Toussaint 0-0: DOUBLE (Line Drive, 9LS, EV 101.9 MPH)
Batting: RHB Noah Bushby 0-0: Ball
1-0: Ball
2-0: Ball
3-0: Base on Balls
Batting: LHB Alexis Raimbault 0-0: Called Strike
0-1: Ball
1-1: Called Strike
1-2: Strikes out swinging
Batting: LHB Ramón Garmendia 0-0: Called Strike
0-1: Foul Ball, location: 2F
0-2: Ball
1-2: Fly out, F7 (Flyball, 7S, EV 89.4 MPH)
Batting: LHB Weston Doyle 0-0: Ball
1-0: Swinging Strike
1-1: Foul Ball, location: 2F
1-2: Strikes out looking
Top of the 2nd over - 0 runs, 1 hit, 0 errors, 2 left on base; New Orleans 0 - San Mateo 1
BOTTOM OF THE 2ND
San Mateo Dirty Reds batting - Pitching for New Orleans Voodoo : RHP Gary Ashley
Batting: RHB Paul Tate 0-0: Swinging Strike
0-1: Ball
1-1: Foul Ball, location: 2F
1-2: Strikes out swinging
Batting: RHB Augusto Encarnación 0-0: SINGLE (Groundball, 6MD, EV 96.9 MPH)
Batting: RHB Daniel Maldonado 0-0: Ball
1-0: Ball
2-0: Called Strike
2-1: Swinging Strike
2-2: Ball
3-2: Strikes out swinging
Augusto Encarnación steals 2nd base
Batter strikes out.
Batting: RHB Iván Vega 0-0: Foul Ball, location: 2F
0-1: Swinging Strike
0-2: Ball
1-2: Strikes out swinging
Bottom of the 2nd over - 0 runs, 1 hit, 0 errors, 1 left on base; New Orleans 0 - San Mateo 1
TOP OF THE 3RD
New Orleans Voodoo batting - Pitching for San Mateo Dirty Reds : RHP Michael Machen
Batting: LHB Calvin Wilms 0-0: Swinging Strike
0-1: Ground out 6-3 (Groundball, 6M, EV 84.4 MPH)
Batting: RHB Gilberto Juárez 0-0: Called Strike
0-1: Swinging Strike
0-2: Ground out 5-3 (Groundball, 56S, EV 66.9 MPH)
Batting: RHB Griffin Woodfinlevine 0-0: Ball
1-0: Foul Ball, location: 2F
1-1: Called Strike
1-2: Ball
2-2: Foul Ball, location: 2F
2-2: Fly out, F8 (Flyball, 8RD, EV 82.5 MPH)
Top of the 3rd over - 0 runs, 0 hits, 0 errors, 0 left on base; New Orleans 0 - San Mateo 1
BOTTOM OF THE 3RD
San Mateo Dirty Reds batting - Pitching for New Orleans Voodoo : RHP Gary Ashley
Batting: RHB Kameron Guangorena 0-0: Ground out 1-3 (Groundball, 23, EV 58.8 MPH)
Batting: RHB Hugh Mungus 0-0: Called Strike
0-1: Fly out, F3 (Popup, 3, EV 58.1 MPH)
Batting: LHB Palaie Gaoteote 0-0: Ball
1-0: Ball
2-0: Fly out, F7 (Line Drive, 7, EV 84.4 MPH)
Bottom of the 3rd over - 0 runs, 0 hits, 0 errors, 0 left on base; New Orleans 0 - San Mateo 1
TOP OF THE 4TH
New Orleans Voodoo batting - Pitching for San Mateo Dirty Reds : RHP Michael Machen
Batting: RHB Colm Goodwill 0-0: Ball
1-0: Ball
2-0: Foul Ball, location: 2F
2-1: Called Strike
2-2: Ball
3-2: Base on Balls
Batting: RHB Guy Toussaint 0-0: Called Strike
0-1: Ball
1-1: Fly out, F7 (Flyball, 78D, EV 99.4 MPH)
Runner from 1st tags up, OUT at 2nd! 7-4
Batting: RHB Noah Bushby 0-0: Called Strike
0-1: Ball
1-1: Ball
2-1: Called Strike
2-2: Foul Ball, location: 2F
2-2: Ball
3-2: Fly out, F4 (Popup, 23, EV 90.0 MPH)
Top of the 4th over - 0 runs, 0 hits, 0 errors, 0 left on base; New Orleans 0 - San Mateo 1
BOTTOM OF THE 4TH
San Mateo Dirty Reds batting - Pitching for New Orleans Voodoo : RHP Gary Ashley
Batting: SHB Dylan Carson 0-0: Ball
1-0: Foul Ball, location: 2F
1-1: Ball
2-1: Ball
3-1: Fly out, F6 (Popup, 6MS, EV 65.0 MPH)
Batting: RHB António Mendoza 0-0: Ball
1-0: Foul Ball, location: 2F
1-1: Called Strike
1-2: Ball
2-2: Strikes out swinging
Batting: RHB Paul Tate 0-0: Called Strike
0-1: SOLO HOME RUN (Flyball, 9LD, EV 101.9 MPH), Distance : 344 ft
Batting: RHB Augusto Encarnación 0-0: Ball
1-0: Called Strike
1-1: Ball
2-1: Foul Ball, location: 2F
2-2: Strikes out swinging
Bottom of the 4th over - 1 run, 1 hit, 0 errors, 0 left on base; New Orleans 0 - San Mateo 2
TOP OF THE 5TH
New Orleans Voodoo batting - Pitching for San Mateo Dirty Reds : RHP Michael Machen
Batting: LHB Alexis Raimbault 0-0: Swinging Strike
0-1: Ball
1-1: Swinging Strike
1-2: Ball
2-2: Ball
3-2: Foul Ball, location: 2F
3-2: SINGLE (Groundball, 56D, EV 107.5 MPH)
Batting: LHB Ramón Garmendia 0-0: Ball
1-0: Bunted foul
1-1: Ball
2-1: Bunted foul
2-2: Foul Ball, location: 2F
2-2: Fly out, F7 (Flyball, 7LSF, EV 81.9 MPH)
Batting: LHB Weston Doyle 0-0: Ball
1-0: Called Strike
Alexis Raimbault steals 2nd base (no throw)
1-1: Ball
2-1: Foul Ball, location: 2F
2-2: Fly out, F8 (Flyball, 8RXD, EV 108.1 MPH)
Runner from 2nd tags up, SAFE at 3rd, no throw by CF
Batting: LHB Calvin Wilms 0-0: Swinging Strike
0-1: Ball
1-1: Swinging Strike
1-2: Strikes out swinging
Top of the 5th over - 0 runs, 1 hit, 0 errors, 1 left on base; New Orleans 0 - San Mateo 2
BOTTOM OF THE 5TH
San Mateo Dirty Reds batting - Pitching for New Orleans Voodoo : RHP Gary Ashley
Batting: RHB Daniel Maldonado 0-0: Foul Ball, location: 2F
0-1: Called Strike
0-2: Foul Ball, location: 2F
0-2: Fly out, F7 (Flyball, 7LS, EV 78.8 MPH)
Batting: RHB Iván Vega 0-0: Called Strike
0-1: Ball
1-1: Ball
2-1: Ground out 6-3 (Groundball, 6M, EV 93.1 MPH)
Batting: RHB Kameron Guangorena 0-0: DOUBLE (Line Drive, 5D, EV 97.5 MPH)
Batting: RHB Hugh Mungus 0-0: Ball
1-0: Fly out, F9 (Flyball, 9D, EV 90.0 MPH)
Bottom of the 5th over - 0 runs, 1 hit, 0 errors, 1 left on base; New Orleans 0 - San Mateo 2
TOP OF THE 6TH
New Orleans Voodoo batting - Pitching for San Mateo Dirty Reds : RHP Michael Machen
Batting: RHB Gilberto Juárez 0-0: Called Strike
0-1: Ball
1-1: Ball
2-1: Foul Ball, location: 2F
2-2: Ground out 4-3 (Groundball, 4, EV 81.2 MPH)
Batting: RHB Griffin Woodfinlevine 0-0: Ball
1-0: Ball
2-0: Called Strike
2-1: SINGLE (Line Drive, 78M, EV 104.4 MPH)
Batting: RHB Colm Goodwill 0-0: Swinging Strike
0-1: Called Strike
0-2: Ball
1-2: Grounds into double play, 5-4-3 (Groundball, 5, EV 83.1 MPH)
Top of the 6th over - 0 runs, 1 hit, 0 errors, 0 left on base; New Orleans 0 - San Mateo 2
BOTTOM OF THE 6TH
San Mateo Dirty Reds batting - Pitching for New Orleans Voodoo : RHP Gary Ashley
Batting: LHB Palaie Gaoteote 0-0: Foul Ball, location: 2F
0-1: Called Strike
0-2: Ball
1-2: Ball
2-2: TRIPLE (Flyball, 9LD, EV 90.0 MPH)
Batting: SHB Dylan Carson 0-0: Fly out, F8 (Flyball, 8LM, EV 88.8 MPH)
Runner from 3rd tags up, SCORES, throw by CF
Batting: RHB António Mendoza 0-0: Ball
1-0: Foul Ball, location: 2F
1-1: Ball
2-1: Ball
3-1: Base on Balls
Pitching: RHP Matt Martin
Batting: RHB Paul Tate 0-0: Foul Ball, location: 2F
0-1: Ball
1-1: Ball
2-1: Foul Ball, location: 2F
2-2: Fly out, F9 (Line Drive, 9D, EV 85.6 MPH)
Runner from 1st tags up, SAFE at 2nd
Batting: RHB Augusto Encarnación 0-0: SINGLE (Groundball, 6D, EV 98.8 MPH)
António Mendoza to third
Runner from 3rd tries for Home, SAFE, throw by LF to home
Augusto Encarnación to second
Batting: RHB Daniel Maldonado 0-0: SINGLE (Line Drive, 56, EV 100.6 MPH)
Augusto Encarnación to third
Runner from 3rd tries for Home, throw by LF and OUT! 7-2
Bottom of the 6th over - 2 runs, 3 hits, 0 errors, 1 left on base; New Orleans 0 - San Mateo 4
TOP OF THE 7TH
New Orleans Voodoo batting - Pitching for San Mateo Dirty Reds : RHP Michael Machen
Batting: RHB Guy Toussaint 0-0: Called Strike
0-1: SINGLE (Line Drive, 78M, EV 96.2 MPH)
Batting: RHB Noah Bushby 0-0: Ball
1-0: Reached on error, E5 (Groundball, 5, EV 88.1 MPH)
Guy Toussaint to second
Batting: LHB Alexis Raimbault 0-0: Ball
1-0: Ball
2-0: Ball
3-0: Called Strike
3-1: Called Strike
3-2: Base on Balls
Guy Toussaint to third
Noah Bushby to second
Pitching: RHP Anatoly Ivanovich
Batting: LHB Ramón Garmendia 0-0: Called Strike
0-1: Fly out, F8 (Flyball, 8LXD, EV 106.9 MPH)
Runner from 3rd tags up, SCORES, no throw by CF
Batting: LHB Weston Doyle 0-0: Ball
1-0: Ball
2-0: Called Strike
2-1: Swinging Strike
2-2: Ball
3-2: Fly out, F8 (Flyball, 78D, EV 91.9 MPH)
Batting: LHB Calvin Wilms 0-0: SINGLE (Line Drive, 8LS, EV 105.6 MPH)
Noah Bushby to third
Alexis Raimbault to second
Runner from 3rd tries for Home, SAFE, throw by CF to home
Batting: RHB Gilberto Juárez 0-0: Fly out, F3 (Flyball, 34D, EV 86.2 MPH)
Top of the 7th over - 2 runs, 2 hits, 1 error, 2 left on base; New Orleans 2 - San Mateo 4
BOTTOM OF THE 7TH
San Mateo Dirty Reds batting - Pitching for New Orleans Voodoo : RHP Matt Martin
Pitching: RHP Ted Chong
Batting: RHB Iván Vega 0-0: Ball
1-0: Called Strike
1-1: Ball
2-1: Foul Ball, location: 2F
2-2: Foul Ball, location: 2F
2-2: Fly out, F7 (Line Drive, 7D, EV 98.8 MPH)
Batting: RHB Kameron Guangorena 0-0: Called Strike
0-1: Swinging Strike
0-2: Foul Ball, location: 2F
0-2: Foul Ball, location: 2F
0-2: Fly out, F7 (Flyball, 7, EV 91.9 MPH)
Batting: RHB Hugh Mungus 0-0: Swinging Strike
0-1: Ball
1-1: Ball
2-1: Ground out 6-3 (Groundball, 6, EV 91.9 MPH)
Bottom of the 7th over - 0 runs, 0 hits, 0 errors, 0 left on base; New Orleans 2 - San Mateo 4
TOP OF THE 8TH
New Orleans Voodoo batting - Pitching for San Mateo Dirty Reds : RHP Anatoly Ivanovich
Batting: RHB Griffin Woodfinlevine 0-0: Called Strike
0-1: Ball
1-1: Called Strike
1-2: Ball
2-2: Foul Ball, location: 2F
2-2: Foul Ball, location: 2F
2-2: Foul Ball, location: 2F
2-2: Strikes out swinging
Batting: RHB Colm Goodwill 0-0: Ball
1-0: Foul Ball, location: 2F
1-1: Ball
2-1: Fly out, F7 (Flyball, 7LD, EV 95.0 MPH)
Batting: RHB Guy Toussaint 0-0: Called Strike
0-1: Fly out, F8 (Flyball, 78D, EV 106.9 MPH)
Top of the 8th over - 0 runs, 0 hits, 0 errors, 0 left on base; New Orleans 2 - San Mateo 4
BOTTOM OF THE 8TH
San Mateo Dirty Reds batting - Pitching for New Orleans Voodoo : RHP Ted Chong
Batting: LHB Palaie Gaoteote 0-0: Ball
1-0: Foul Ball, location: 2F
1-1: SINGLE (Groundball, 4MD, EV 99.4 MPH)
Batting: SHB Dylan Carson 0-0: SINGLE (Groundball, 4S, EV 70.0 MPH) (infield hit)
Palaie Gaoteote to second
Batting: RHB António Mendoza 0-0: Called Strike
0-1: Swinging Strike
0-2: Foul Ball, location: 2F
0-2: Foul Ball, location: 2F
0-2: Fly out, F5 (Line Drive, 5, EV 63.8 MPH)
Batting: RHB Paul Tate 0-0: Fly out, F8 (Line Drive, 8LD, EV 96.2 MPH)
Batting: RHB Augusto Encarnación 0-0: Swinging Strike
0-1: Ball
1-1: Ball
2-1: Fielders Choice at 2nd, 6-4 (Groundball, 6, EV 81.9 MPH)
Bottom of the 8th over - 0 runs, 2 hits, 0 errors, 2 left on base; New Orleans 2 - San Mateo 4
TOP OF THE 9TH
New Orleans Voodoo batting - Pitching for San Mateo Dirty Reds : RHP Anatoly Ivanovich
Batting: RHB Noah Bushby 0-0: Called Strike
0-1: Ball
1-1: Called Strike
1-2: Foul Ball, location: 2F
1-2: Fly out, F3 (Popup, 3L, EV 63.8 MPH)
Pitching: RHP Matt Digby
Batting: LHB Alexis Raimbault 0-0: Ball
1-0: Fly out, F8 (Flyball, 8RS, EV 86.9 MPH)
Batting: LHB Ramón Garmendia 0-0: Ground out 4-3 (Groundball, 4, EV 82.5 MPH)
Top of the 9th over - 0 runs, 0 hits, 0 errors, 0 left on base; New Orleans 2 - San Mateo 4
Thursday, January 23rd, 2020 - OOTP Baseball 20.8 Build 74